 Dungeon Crawl Stone Soup version 0.23.0-42-geed6394 (webtiles) character file.

Game seed: 18304489306377042553

86437 Kairos the Severer (level 15, -1/81 HPs)
             Began as a Vine Stalker Fighter on Feb 28, 2019.
             Was the Champion of Okawaru.
             Slain by a tarantella (3 damage)
             ... on level 3 of the Spider Nest.
             The game lasted 00:54:32 (19705 turns).

Kairos the Severer (Vine Stalker Fighter)          Turns: 19705, Time: 00:54:33

Health: -1/81      AC: 17    Str: 23      XL:     15   Next: 87%
Magic:  0/18       EV: 17    Int:  9      God:    Okawaru [******]
Gold:   1967       SH: 17    Dex: 20 (21) Spells: 12/14 levels left

rFire    + . .     SeeInvis .   y - +3 broad axe of Fee Simple {freeze, rF+ rN++}
rCold    . . .     Gourm    .   O - +4 shield
rNeg     + + .     Faith    +   E - +2 ring mail of the Suburbs {Dex+6 Stlth+}
rPois    +         Spirit   +   b - +2 hat
rElec    .         Reflect  .   M - +2 cloak {rPois}
rCorr    +         Harm     .   D - +0 pair of gloves
MR       ++...                  m - +0 pair of boots
Stlth    +++.......             k - amulet of faith
HPRegen  1.03/turn              u - +3 ring of evasion
MPRegen  0.16/turn              a - ring of resist corrosion

@: no status effects
A: fangs 3, hooves 1, deterioration 1, magic resistance 1, regeneration 2, magic
shield, antimagic bite, no potion heal 3, rot immunity
a: Heroism, Finesse, Renounce Religion


You were on level 3 of the Spider Nest.
You worshipped Okawaru.
Okawaru was exalted by your worship.
You were not hungry.

You visited 4 branches of the dungeon, and saw 21 of its levels.
You also visited: Ice Cave.

You collected 2142 gold pieces.
You spent 175 gold pieces at shops.

Inventory:

Hand Weapons
 o - a +1 eveningstar of holy wrath
 y - the +3 broad axe of Fee Simple (weapon) {freeze, rF+ rN++}
   (Okawaru gifted it to you on level 5 of the Lair of Beasts)

   It has been specially enchanted to freeze those struck by it, causing extra
   injury to most foes and up to half again as much damage against particularly
   susceptible opponents.
   It can also slow down cold-blooded creatures.
   It protects you from fire.
   It greatly protects you from negative energy.
 F - a +1 broad axe of flaming
 L - the +1 trident of the Skies Above {vamp, Stlth+, unknown}
   (You found it on level 1 of the Spider Nest)

   It inflicts no extra harm, but heals its wielder when it wounds a living foe.
   It makes you more stealthy.
 R - a +2 broad axe of venom
Missiles
 Z - 5 poisoned javelins (quivered)
Armour
 b - a +2 hat (worn)
 m - a +0 pair of boots (worn)
 D - a +0 pair of gloves (worn)
 E - the +2 ring mail of the Suburbs (worn) {Dex+6 Stlth+}
   (Okawaru gifted it to you on level 1 of the Spider Nest)

   It affects your dexterity (+6).
   It makes you more stealthy.
 J - a scarf of cloud immunity
 M - a +2 cloak of poison resistance (worn)
 O - a +4 shield (worn)
Jewellery
 a - a ring of resist corrosion (right hand)
 d - the ring of Jaolalea {Int+3 Stlth+}
   (You found it on level 6 of the Lair of Beasts)

   [ring of stealth]

   It affects your intelligence (+3).
   It makes you more stealthy.
 k - an amulet of faith (around neck)
 s - an uncursed ring of positive energy
 u - a +3 ring of evasion (left hand)
 N - a +4 amulet of reflection {unknown}
 P - an uncursed ring of fire
 Q - the ring of the Mage {Wiz MR++ Int+3}
   (You found it in an ice cave)

   [ring of wizardry]

   It improves your spell success rate.
   It affects your intelligence (+3).
   It affects your resistance to hostile enchantments.
 U - an uncursed ring of poison resistance
Wands
 w - a wand of iceblast (17)
 K - a wand of paralysis (15)
Scrolls
 e - 5 scrolls of amnesia
 g - 10 scrolls of teleportation
 i - 4 scrolls of blinking
 j - 2 scrolls of fog
 n - 6 scrolls of fear
 p - 4 scrolls of immolation
 r - 2 scrolls of magic mapping
 v - a scroll of summoning {unknown}
 x - 10 scrolls of remove curse
 B - 4 scrolls of enchant weapon
 G - 2 scrolls of acquirement {unknown}
 I - 2 scrolls of torment {unknown}
 V - a scroll of vulnerability {unknown}
 X - 2 scrolls of noise {unknown}
 Y - a scroll of silence {unknown}
Potions
 c - a potion of magic {unknown}
 h - 2 potions of flight
 l - a potion of resistance {unknown}
 q - 3 potions of invisibility
 t - 2 potions of berserk rage
 z - a potion of brilliance
 A - 4 potions of agility
 C - 3 potions of lignification {unknown}
 H - 6 potions of curing
 S - 2 potions of degeneration {unknown}
 T - 2 potions of ambrosia {unknown}
 W - a potion of cancellation {unknown}
Comestibles
 f - 30 rations


   Skills:
 + Level 10.7 Fighting
 + Level 15.8(16.1) Axes
 + Level 5.0(11.7) Maces & Flails
 + Level 0.5 Throwing
 + Level 8.6 Armour
 + Level 5.1 Dodging
 + Level 2.1 Stealth
 + Level 11.8 Shields
 + Level 3.4 Invocations
 + Level 1.1 Evocations


You had 12 spell levels left.
You knew the following spells:

 Your Spells              Type           Power        Failure   Level  Hunger
a - Blink                 Tloc           N/A          80%         2    ###....

Your spell library contained the following spells:

 Spells                   Type           Power        Failure   Level  Hunger
 Animate Skeleton         Necr           N/A          65%         1    ##.....
 Beastly Appendage        Tmut           #.....       65%         1    ##.....
 Magic Dart               Conj           #...         65%         1    ##.....
 Pain                     Necr           #...         65%         1    ##.....
 Summon Small Mammal      Summ           #...         65%         1    ##.....
 Call Imp                 Summ           #.......     80%         2    ###....
 Passwall                 Tmut/Erth      #.......     80%         2    ###....
 Slow                     Hex            #.......     80%         2    ###....
 Sticks to Snakes         Tmut           #.......     80%         2    ###....
 Swiftness                Chrm/Air       #.......     80%         2    ###....
 Call Canine Familiar     Summ           #.......     95%         3    ####...
 Conjure Flame            Conj/Fire      #.......     95%         3    ####...
 Mephitic Cloud           Conj/Pois/Air  #.......     95%         3    ####...
 Regeneration             Chrm/Necr      #.........   95%         3    ####...
 Spider Form              Tmut/Pois      #.........   95%         3    ####...
 Summon Guardian Golem    Hex/Summ       #.......     95%         3    ####...
 Vampiric Draining        Necr           #.........   95%         3    ####...
 Animate Dead             Necr           N/A          100%        4    #####..
 Ice Form                 Ice/Tmut       #.......     100%        4    #####..
 Passage of Golubria      Tloc           N/A          100%        4    #####..
 Summon Ice Beast         Ice/Summ       #.......     100%        4    #####..
 Summon Lightning Spire   Summ/Air       #.......     100%        4    #####..
 Blade Hands              Tmut           #.........   100%        5    ######.
 Irradiate                Conj/Tmut      #.........   100%        5    ######.
 Lee's Rapid Deconstruct  Erth           #.........   100%        5    ######.
 Darkness                 Hex            #.........   100%        6    #######
 Hydra Form               Tmut           #.........   100%        6    #######
 Invisibility             Hex            #.......     100%        6    #######
 Statue Form              Tmut/Erth      #........    100%        6    #######
 Dragon Form              Tmut           #.........   100%        7    #######


Dungeon Overview and Level Annotations

Branches:
Dungeon (11/15)            Temple (1/1) D:6            Lair (6/6) D:11
 Shoals (0/4) Lair:4       Spider (3/4) Lair:4        Slime (0/5) Lair:5
    Orc (0/2) D:10

Altars:
Ashenzari
Cheibriados
Dithmenos
Elyvilon
Fedhas
Gozag
Hepliaklqana
Kikubaaqudgha
Makhleb
Nemelex Xobeh
Okawaru
Qazlal
Ru
Trog
Uskayaw
Vehumet
Wu Jian
Xom
Yredelemnul
Zin
The Shining One

Shops:
D:6 [   D:7 *

Annotations:
D:3 2 runed translucent doors, sergedm's ghost, amateur DECj
D:5 2 transporters
Lair:2 exclusion: 3 oklob plants


Innate Abilities, Weirdness & Mutations

You have razor-sharp teeth.
You heal very quickly.
When hurt, damage is shared between your health and your magic reserves.
Your bite disrupts and absorbs the magic of your enemies.
Potions cannot restore your health.
You are immune to rotting.
You have large cloven feet.
Your body sometimes deteriorates upon taking damage.
You are resistant to hostile enchantments. (MR+)


Message History

The jumping spider barely misses you. The jumping spider misses you.
The jumping spider leaps!
The tarantella bites you.
* * * LOW HITPOINT WARNING * * *
You bump into the rock wall.
The tarantella misses you.
You are caught in the web!
The tarantella bites you!
* * * LOW HITPOINT WARNING * * *
You are more confused.
The tarantella closely misses you.
There is a web here.
You disentangle yourself.
The tarantella bites you but does no damage.
The tarantella bites you.
* * * LOW HITPOINT WARNING * * *
The tarantella bites you.
* * * LOW HITPOINT WARNING * * *
The jumping spider closely misses you. The jumping spider bites you.
Unknown command.
You're too confused!
Your system rejects the healing.
You feel better. The tarantella bites you.
You die...

#...#..†.............
.......#.............#
...###.†.............#
. #^.......#.†......
##........†.#......
#......#....###....
#....####....# ##..
##.s....#.†..# .
##@s#.......#
##........##
#..........#
#..#...#...#
##........##
#..........#
#......^(...#
##.....#.....#
##....###.....#


You could see a jumping spider and a tarantella.

Vanquished Creatures
  Gastronok (Lair:3)
  2 emperor scorpions
  2 entropy weavers (Spider:1)
  Josephine (Lair:5)
  2 ice dragons (IceCv)
  5 hydras
  A death knight (D:11)
  2 two-headed ogres
  The ghost of Kairos the Cleaver, a novice FoFi of Okawaru (D:8)
  8 death yaks
  An unseen horror (D:10)
  A lindwurm (Lair:3)
  10 wolf spider zombies (Spider:1)
  4 orb spiders
  7 wolf spiders
  An ugly thing (D:11)
  A manticore (D:10)
  A moth of wrath (Spider:2)
  A necromancer (Spider:1)
  3 merfolk sirens (Lair:4)
  A centaur zombie (D:11)
  5 black mambas
  2 torpor snails
  2 ice statues (IceCv)
  A gargoyle (D:10)
  11 demonic crawlers
  27 spiny frogs
  7 redback zombies (Spider:1)
  5 rime drakes
  5 komodo dragons
  5 tyrant leeches (Lair:6)
  10 jumping spiders
  A merfolk (Lair:4)
  3 trolls
  5 polar bears
  15 blink frogs
  6 tarantella zombies (Spider:1)
  3 hornets
  7 dream sheep (Lair:2)
  8 hippogriffs
  38 redbacks
  3 spriggans
  11 tarantellas
  A shadow (D:11)
  2 wyverns
  22 yaks
  4 wraiths (Lair:5)
  3 basilisks
  2 hungry ghosts (D:10)
  6 vampire mosquitoes
  14 water moccasins
  5 porcupines
  2 sky beasts
  5 ogres
  15 ice beasts
  3 orc warriors
  5 black bears
  An eye of draining (D:11)
  A necrophage (D:9)
  2 phantoms (D:10)
  10 wolves
  5 centaurs
  6 crocodiles
  3 big kobolds
  27 bullfrogs
  6 scorpions
  A troll zombie (D:10)
  6 killer bees (D:7)
  5 howler monkeys
  5 electric eels
  6 crimson imps
  A quasit (D:11)
  A bullfrog zombie (D:8)
  12 orc priests
  A bullfrog skeleton (D:11)
  7 hounds
  3 jellies
  An iguana (D:11)
  13 orc wizards
  5 hell rats
  16 worker ants
  5 ogre zombies (D:10)
  2 hound skeletons
  16 adders
  3 gnolls
  3 shadow imps
  An ooze (Lair:5)
  An adder zombie (D:7)
  An adder skeleton (D:4)
  6 dart slugs
  5 worms
  5 leopard geckos
  26 orcs
  7 giant cockroaches
  13 goblins (D:1)
  3 hobgoblins
  16 jackals
  21 kobolds
  6 quokkas
  3 ball pythons
  5 bats
  3 frilled lizards
  4 goblin zombies (D:10)
  4 hobgoblin zombies (D:10)
  An orc skeleton (D:10)
  10 orc zombies (D:10)
  A quokka skeleton (D:7)
  6 rats
  5 fungi (Lair:6)
  7 plants
658 creatures vanquished.

Vanquished Creatures (others)
  7 fungi
  47 plants
54 creatures vanquished.

Grand Total: 712 creatures vanquished

Notes
Turn   | Place    | Note
-------+----------+-------------------------------------------
     0 | D:1      | Kairos the Vine Stalker Fighter began the quest for the
                  | Orb.
     0 | D:1      | Reached XP level 1. HP: 11/11 MP: 2/2
   113 | D:1      | Reached XP level 2. HP: 15/16 MP: 3/3
   390 | D:1      | Reached skill level 2 in Axes
   464 | D:1      | Reached XP level 3. HP: 18/19 MP: 4/4
  1046 | D:2      | Reached skill level 1 in Dodging
  1338 | D:2      | Gained mutation: Your natural rate of healing is unusually
                  | fast. [Vine Stalker growth]
  1338 | D:2      | Reached XP level 4. HP: 24/24 MP: 5/5
  1502 | D:2      | Found a hazy altar of Hepliaklqana.
  1790 | D:3      | Reached skill level 3 in Axes
  1875 | D:3      | Found a runed translucent door.
  1879 | D:3      | Noticed sergedm's ghost (amateur DECj)
  1999 | D:3      | Found a runed translucent door.
  2056 | D:3      | Reached XP level 5. HP: 28/28 MP: 6/6
  2532 | D:4      | Reached XP level 6. HP: 32/32 MP: 7/7
  2554 | D:4      | Reached skill level 4 in Axes
  2723 | D:4      | Found a shimmering altar of Xom.
  2738 | D:4      | Reached XP level 7. HP: 36/36 MP: 8/8
  3024 | D:4      | Found a sparkling altar of Nemelex Xobeh.
  3109 | D:4      | Found a glowing silver altar of Zin.
  3164 | D:5      | Entered Level 5 of the Dungeon
  3181 | D:5      | Noticed a two-headed ogre
  3185 | D:5      | Killed a two-headed ogre
  3185 | D:5      | Reached skill level 6 in Axes
  3185 | D:5      | Reached skill level 1 in Stealth
  3185 | D:5      | Gained mutation: You have razor-sharp teeth. [Vine Stalker
                  | growth]
  3185 | D:5      | Reached XP level 8. HP: 42/42 MP: 7/9
  3390 | D:5      | Reached skill level 1 in Evocations
  3420 | D:5      | Reached XP level 9. HP: 46/46 MP: 10/10
  3470 | D:5      | Found a transporter.
  3507 | D:5      | Found a radiant altar of Vehumet.
  3607 | D:5      | Found a transporter.
  3753 | D:6      | Reached skill level 7 in Axes
  3894 | D:6      | Reached skill level 5 in Fighting
  3921 | D:6      | Reached skill level 5 in Shields
  3928 | D:6      | Found Xuppec's Antique Armour Shoppe.
  4330 | D:6      | Found a staircase to the Ecumenical Temple.
  4351 | Temple   | Entered the Ecumenical Temple
  4466 | Temple   | Became a worshipper of Warmaster Okawaru
  4694 | D:6      | Found a snail-covered altar of Cheibriados.
  5347 | D:7      | Reached * piety under Okawaru
  5361 | D:7      | Noticed a +0 hand axe
  5362 | D:7      | Noticed a +0 hand axe
  5364 | D:7      | Found a hide-covered altar of Uskayaw.
  5383 | D:7      | Reached skill level 8 in Axes
  5383 | D:7      | Reached skill level 5 in Armour
  5473 | D:7      | Reached XP level 10. HP: 15/53 MP: 4/11
  5608 | D:7      | Found a sparkling altar of Nemelex Xobeh.
  6033 | D:7      | Found Xiter's Serpentskin Sales.
  6053 | D:7      | Bought a +1 cloak of poison resistance for 175 gold pieces
  6336 | D:8      | Reached ** piety under Okawaru
  6404 | D:8      | Identified the +4 quarterstaff of Diet Blood {freeze,
                  | *Drain rC++ Dex+4}
  6473 | D:8      | Found a runed translucent gate.
  6474 | D:8      | Found a runed translucent gate.
  6715 | D:8      | Found a runed translucent gate.
  6715 | D:8      | Noticed an 11-headed hydra
  6715 | D:8      | Noticed a ten-headed hydra
  6715 | D:8      | Noticed Kairos's ghost (novice FoFi)
  7099 | D:9      | Reached skill level 9 in Axes
  7706 | D:10     | Entered Level 10 of the Dungeon
  7790 | D:10     | Reached *** piety under Okawaru
  8010 | D:10     | Found a staircase to the Orcish Mines.
  8056 | D:10     | Noticed a gargoyle
  8074 | D:10     | Killed a gargoyle
  8169 | D:10     | Reached **** piety under Okawaru
  8982 | D:11     | Reached skill level 10 in Axes
  8982 | D:11     | Reached XP level 11. HP: 50/58 MP: 7/12
  9068 | D:11     | Reached ***** piety under Okawaru
  9111 | D:11     | Noticed a death knight
  9130 | D:11     | Noticed a manticore
  9141 | D:10     | Killed a manticore
  9244 | D:11     | Noticed a two-headed ogre
  9293 | D:10     | Killed an unseen horror
  9293 | D:10     | Reached skill level 11 in Axes
  9349 | D:11     | Killed a two-headed ogre
  9384 | D:11     | Found a staircase to the Lair.
  9428 | D:11     | Noticed a red ugly thing
  9578 | D:10     | Gained mutation: You are somewhat resistant to further
                  | mutation. [potion of mutation]
  9579 | D:10     | Lost mutation: You are somewhat resistant to further
                  | mutation. [potion of mutation]
  9579 | D:10     | Gained mutation: You tend to lose your temper in combat.
                  | [potion of mutation]
  9579 | D:10     | Gained mutation: Your mind is acute. (Int +2) [potion of
                  | mutation]
  9579 | D:10     | Gained mutation: You are partially covered in iridescent
                  | scales. (AC +2) [potion of mutation]
  9580 | D:10     | Lost mutation: You are partially covered in iridescent
                  | scales. (AC +2) [potion of mutation]
  9580 | D:10     | Lost mutation: Your mind is acute. (Int +2) [potion of
                  | mutation]
  9580 | D:10     | Lost mutation: You tend to lose your temper in combat.
                  | [potion of mutation]
  9580 | D:10     | Gained mutation: You are resistant to hostile enchantments.
                  | (MR+) [potion of mutation]
  9580 | D:10     | Gained mutation: Your body sometimes deteriorates upon
                  | taking damage. [potion of mutation]
  9580 | D:10     | Gained mutation: You have large cloven feet. [potion of
                  | mutation]
  9710 | D:8      | Killed an 11-headed hydra
  9710 | D:8      | Reached skill level 1 in Invocations
  9716 | D:8      | Killed a ten-headed hydra
  9716 | D:8      | Received a gift from Okawaru
 10083 | D:8      | Killed Kairos's ghost
 10083 | D:8      | Reached skill level 1 in Maces & Flails
 10111 | D:8      | Got a shimmering broad axe
 10112 | D:8      | Identified the cursed +1 broad axe of Patterns {chop, rN+}
                  | (You found it on level 8 of the Dungeon)
 10162 | D:9      | Got a jewelled spear
 10163 | D:9      | Identified the cursed +0 spear of Liaxo {distort, rPois rF+
                  | Dex-3} (You found it on level 9 of the Dungeon)
 10261 | D:11     | Killed a red ugly thing
 10328 | D:11     | Gained mutation: You heal very quickly. [Vine Stalker
                  | growth]
 10328 | D:11     | Reached XP level 12. HP: 46/63 MP: 11/14
 10334 | D:11     | Killed a death knight
 10571 | D:11     | Reached ****** piety under Okawaru
 10637 | Lair:1   | Entered Level 1 of the Lair of Beasts
 11631 | Lair:2   | Received a gift from Okawaru
 11732 | Lair:2   | Reached skill level 12 in Axes
 11786 | Lair:2   | Noticed a six-headed hydra
 11796 | Lair:2   | Killed a six-headed hydra
 12432 | Lair:3   | Noticed Gastronok
 12497 | Lair:3   | Noticed a death yak
 12498 | Lair:3   | Noticed a death yak
 12499 | Lair:3   | Noticed a death yak
 12523 | Lair:3   | Killed a death yak
 12535 | Lair:3   | Killed a death yak
 12546 | Lair:3   | Killed a death yak
 12546 | Lair:3   | Received a gift from Okawaru
 12594 | Lair:3   | Found a frozen archway.
 12616 | IceCv    | Entered an ice cave
 12665 | IceCv    | Received a gift from Okawaru
 12958 | IceCv    | Reached XP level 13. HP: 63/68 MP: 11/15
 13021 | IceCv    | Reached skill level 13 in Axes
 13149 | IceCv    | Noticed an ice dragon
 13149 | IceCv    | Noticed an ice dragon
 13152 | IceCv    | Found the ring of the Mage {Wiz MR++ Int+3}
 13155 | IceCv    | HP: 3/68 [ice dragon/blast of cold (12)]
 13440 | IceCv    | Killed an ice dragon
 13486 | IceCv    | Killed an ice dragon
 14106 | Lair:3   | Received a gift from Okawaru
 14389 | Lair:3   | Killed Gastronok
 14389 | Lair:3   | Received a gift from Okawaru
 14738 | Lair:4   | Found a staircase to the Shoals.
 14813 | Lair:4   | Found a hide-covered altar of Uskayaw.
 14852 | Lair:4   | Received a gift from Okawaru
 14921 | Lair:4   | Reached skill level 14 in Axes
 15101 | Lair:4   | Reached skill level 10 in Shields
 15251 | Lair:4   | You fall through a shaft!
 15323 | Lair:4   | Found a hole to the Spider Nest.
 15510 | Lair:5   | Found a staircase to the Slime Pits.
 15607 | Lair:5   | Reached XP level 14. HP: 69/75 MP: 15/17
 15629 | Lair:5   | Received a gift from Okawaru
 15637 | Lair:5   | Got a blackened broad axe {god gift}
 15638 | Lair:5   | Identified the +3 broad axe of Fee Simple {freeze, rF+
                  | rN++} (Okawaru gifted it to you on level 5 of the Lair of
                  | Beasts)
 15957 | Lair:5   | Noticed Josephine
 15968 | Lair:5   | Killed Josephine
 16139 | Lair:6   | Entered Level 6 of the Lair of Beasts
 16246 | Lair:6   | Received a gift from Okawaru
 16440 | Lair:6   | Reached skill level 15 in Axes
 16591 | Lair:6   | Received a gift from Okawaru
 16843 | Lair:6   | Learned a level 2 spell: Blink
 16848 | Lair:6   | Got a warped glass ring
 16850 | Lair:6   | Identified the ring of Jaolalea {Int+3 Stlth+} (You found
                  | it on level 6 of the Lair of Beasts)
 17105 | Spider:1 | Entered Level 1 of the Spider Nest
 17139 | Spider:1 | Reached skill level 10 in Fighting
 17166 | Spider:1 | Received a gift from Okawaru
 17211 | Spider:1 | Reached XP level 15. HP: 54/80 MP: 18/18
 17528 | Spider:1 | Reached skill level 5 in Maces & Flails
 17562 | Spider:1 | Got a crude trident
 17596 | Spider:1 | Received a gift from Okawaru
 18427 | Spider:1 | Received a gift from Okawaru
 18436 | Spider:1 | Got a twisted ring mail {god gift}
 18442 | Spider:1 | Identified the +2 ring mail of the Suburbs {Dex+6 Stlth+}
                  | (Okawaru gifted it to you on level 1 of the Spider Nest)
 19083 | Spider:2 | Noticed an emperor scorpion
 19109 | Spider:2 | Killed an emperor scorpion
 19109 | Spider:2 | Reached skill level 5 in Dodging
 19586 | Spider:3 | Noticed an emperor scorpion
 19603 | Spider:3 | Killed an emperor scorpion
 19704 | Spider:3 | HP: 1/81 [tarantella (4)]
 19705 | Spider:3 | Slain by a tarantella

Skill      XL: |  1  2  3  4  5  6  7  8  9 10 11 12 13 14 15 |
---------------+----------------------------------------------+-----
Shields        | 3 4 5 6 7 8 10 11 | 11.8
Axes           | 2 3 4 6 8 10 11 12 14 15 | 15.8
Dodging        | 1 2 3 4 5 |  5.1
Fighting       | 3 4 5 6 7 9 10 | 10.7
Armour         | 3 4 5 6 7 8 |  8.6
Stealth        | 1 2 |  2.1
Evocations     | 1 |  1.1
Invocations    | 1 2 3 |  3.4
Maces & Flails | 1 2 3 5 |  5.0
Throwing       | |  0.5

Action                   |  1- 3 |  4- 6 |  7- 9 | 10-12 | 13-15 || total
-------------------------+-------+-------+-------+-------+-------++-------
Melee: War axe           |   106 |   119 |   280 |   462 |       ||   967
       Bite              |    20 |    26 |    78 |   269 |   388 ||   781
       Broad axe         |       |       |       |   240 |   948 ||  1188
       Morningstar       |       |       |       |    23 |     9 ||    32
       Eveningstar       |       |       |       |       |    66 ||    66
Throw: Tomahawk          |       |       |       |     2 |       ||     2
       Javelin           |       |       |       |       |     5 ||     5
Invok: Heroism           |       |       |     1 |    18 |    22 ||    41
       Finesse           |       |       |       |     2 |     3 ||     5
Evoke: Wand              |       |       |     4 |     1 |       ||     5
  Use: Scroll            |     1 |     3 |     1 |    16 |    17 ||    38
       Potion            |       |     3 |       |     4 |     1 ||     8
 Stab: Sleeping          |       |       |       |       |     2 ||     2
  Eat: Chunk             |     1 |     5 |     9 |     9 |     8 ||    32
       Ration            |       |       |       |     5 |     6 ||    11
Armor: Scale mail        |    60 |    46 |    70 |       |       ||   176
       Chain mail        |       |       |    79 |   281 |   404 ||   764
       Ring mail         |       |       |       |       |    67 ||    67
Dodge: Dodged            |    44 |    46 |   138 |   180 |   447 ||   855
Block: Shield            |    60 |    65 |   177 |   451 |   928 ||  1681
